 Dungeon Crawl Stone Soup version 0.32-a0-128-g77eb882913 (webtiles) character file.

Game seed: 16429523947933389913

54 Dittersdorf the Shield-Bearer (level 3, -1/24 HPs)
             Began as a Gargoyle Fighter on Feb 7, 2024.
             Slain by a gnoll
             ... wielding a +1 vampiric halberd
              (7 damage)
             ... on level 2 of the Dungeon.
             The game lasted 00:01:13 (1177 turns).

Dittersdorf the Shield-Bearer (Gargoyle Fighter)    Turns: 1177, Time: 00:01:13

Health: -1/24      AC: 11    Str: 21    XL:     3   Next: 91%
Magic:  3/3        EV:  9    Int:  8    God:
Gold:   124        SH:  5    Dex:  9    Spells: 2/2 levels left

rFire   . . .        a - +0 flail
rCold   . . .        c - +1 buckler
rNeg    + . .        b - +0 scale mail
rPois   ∞            (no helmet)
rElec   +            n - +0 cloak
rCorr   .            (no gloves)
SInv    .            (no boots)
Will    .....        o - amulet of regeneration Stlth
                     (no ring)
HPRegen 1.04/turn    (no ring)
MPRegen 0.08/turn

%: no passive effects
@: no status effects
A: sickness immunity, AC +3, negative energy resistance 1, electricity
resistance, torment resistance 1, petrification resistance
a: no special abilities


You were on level 2 of the Dungeon.
You visited 1 branch of the dungeon, and saw 2 of its levels.

You collected 124 gold pieces.

Inventory:

Hand Weapons
 a - a +0 flail (weapon)
Armour
 b - a +0 scale mail (worn)
 c - a +1 buckler (worn)
 n - a +0 cloak (worn)
Jewellery
 o - an amulet of regeneration (around neck)
Scrolls
 e - 2 scrolls of fear {unknown}
 f - a scroll of amnesia {unknown}
 g - 4 scrolls of identify {unknown}
 h - a scroll of immolation {unknown}
 m - a scroll of teleportation
Potions
 d - a potion of might
 i - a potion of brilliance {unknown}
 j - 2 potions of mutation {unknown}
 k - a potion of berserk rage {unknown}
 l - 3 potions of curing {unknown}


   Skills:
 + Level 3.8 Fighting
 + Level 2.7 Maces & Flails
 + Level 3.8 Armour
 + Level 3.8 Shields


You had 2 spell levels left.
You didn't know any spells.
Your spell library was empty.

Dungeon Overview and Level Annotations

Branches:
Dungeon (2/15)

Altars:
Uskayaw

Shops:
D:2 ?


Innate Abilities, Weirdness & Mutations

You are immune to sickness and miasma.
Your stone body is resilient. (AC +3)
You are immune to poison.
You resist negative energy. (rN+)
You are resistant to electric shocks. (rElec)
You are resistant to unholy torment.
You are immune to petrification.


Message History

You sock the gnoll!
You kill the gnoll!
You block the gnoll's attack. x2; The adder bites you but does no damage.
The ribbon worm misses you.
The gnoll hits you from afar with a +1 vampiric halberd.
The gnoll hits you with a +2 flail of protection.
The adder barely misses you.
You are too injured to fight recklessly!
You are too injured to fight recklessly!
You are too injured to fight recklessly!
You are too injured to fight recklessly!
You are too injured to fight recklessly!
You are too injured to fight recklessly!
You are too injured to fight recklessly!
You are too injured to fight recklessly!
You are too injured to fight recklessly!
You are too injured to fight recklessly!
You are too injured to fight recklessly!
You are too injured to fight recklessly!
You are too injured to fight recklessly!
You are too injured to fight recklessly!
You are too injured to fight recklessly!
You are too injured to fight recklessly!
You are too injured to fight recklessly!
You are too injured to fight recklessly!
You are too injured to fight recklessly!
You are too injured to fight recklessly!
The quokka attacks as it pursues you! The quokka barely misses you.
The adder bites you. The quokka closely misses you.
The gnoll attacks as it pursues you! You block the gnoll's attack.
The quokka attacks as it pursues you! The quokka bites you.
The gnoll attacks as it pursues you!
The gnoll hits you from afar with a +1 vampiric halberd.
* * * LOW HITPOINT WARNING * * *
The adder closely misses you. The quokka attacks as it pursues you!
The quokka bites you.
* * * LOW HITPOINT WARNING * * *
The gnoll attacks as it pursues you!
The gnoll hits you from afar with a +1 vampiric halberd!
You die...

...... ####..##.#
#####.# #........#####
# .##..........>.. .#
..............## ..#
#.##.........#..##.###
......#..............
###.#.#..............
#...........)......
######..@rgw........∩
.........S[g.......##
#####...............
##............##
#.....%.$....#
#####......###
#.)....# #....###
#).......


You could see a ribbon worm, 2 gnolls, an adder and a quokka.

Vanquished Creatures
  A gnoll (D:2)
  A dart slug (D:1)
  2 ball pythons
  2 endoplasms (D:2)
  3 giant cockroaches
  7 goblins
  3 hobgoblins (D:2)
  6 jackals
  3 bats
  2 frilled lizards (D:1)
  4 kobolds
  5 rats
39 creatures vanquished.

Notes
Turn   | Place    | Note
-------+----------+-------------------------------------------
     0 | D:1      | Dittersdorf the Gargoyle Fighter began the quest for the
                  | Orb.
     0 | D:1      | Reached XP level 1. HP: 14/14 MP: 1/1
   167 | D:1      | Reached XP level 2. HP: 19/19 MP: 2/2
   534 | D:1      | Reached XP level 3. HP: 15/23 MP: 3/3
  1079 | D:2      | Found a hide-covered altar of Uskayaw.
  1170 | D:2      | Found Cupucso's Magic Scroll Shop.
  1177 | D:2      | Slain by a gnoll

Illustrated notes

Levels and vault maps discovered:
D:1:      dpeg_arrival_water_temple_mockup, layout_rooms,
          chequers_serial_rivers_small_a, reono_crystal_passage,
          kennysheep_small_spiral
D:2:      layout_rooms, serial_shops, shop, basic_altar, palyth_stone_intersect,
          minmay_quantized

Action                     || total
---------------------------++-------
  Melee: Flail             ||   137
    Use: Scroll            ||     2
 Armour: Scale mail        ||   161
  Dodge: Dodged            ||    82
  Block: Buckler           ||    47

Table legend: (Time is in decaauts)
 A = Elapsed time spent in this place.
 B = Non-inter-level travel time spent in this place.
 C = Inter-level travel time spent in this place.
 D = Time resting spent in this place.
 E = Time spent auto-exploring this place.
 F = Levels seen in this place.
 G = Mean time per level.
                   A        B        C        D        E       F      G
               +--------+--------+--------+--------+--------+-----+--------+
         Total |   1222 |   1155 |     67 |    100 |    751 |   2 |  611.0 |
       Dungeon |   1222 |   1155 |     67 |    100 |    751 |   2 |  611.0 |
               +--------+--------+--------+--------+--------+-----+--------+

Top non-repeatable levels by time:
     D:1: 852 daAuts
     D:2: 369 daAuts
